 Dungeon Crawl Stone Soup version 0.17.0-24-gcfadda4 (console) character file.

2718 gw the Slicer (level 9, -3/48 HPs)
             Began as a Vine Stalker Berserker on Nov 17, 2015.
             Was an Elder of Trog.
             Slain by a yak (6 damage)
             ... on level 7 of the Dungeon.
             The game lasted 00:07:12 (6095 turns).

gw the Slicer (Vine Stalker Berserker)              Turns: 6095, Time: 00:07:12

Health: -3/48      AC:  9    Str: 19    XL:     9   Next: 66%
Magic:  0/10       EV: 14    Int:  7    God:    Trog [****..]
Gold:   345        SH:  0    Dex: 18    Spells: 0 memorised, 8 levels left

rFire  . . .     SeeInvis .     a - +0 short sword
rCold  . . .     Clarity  .     h - +0 ring mail
rNeg   . . .     SustAt   .     (no shield)
rPois  .         Gourm    .     b - +0 helmet
rElec  .         Spirit   +     g - +1 cloak
rCorr  .         Warding  .     (no gloves)
rMut   .         Stasis   .     m - +0 pair of boots (curse)
MR     +....                    (no amulet)
Stlth  +.........               (no ring)
                                (no ring)

@: somewhat resistant to hostile enchantments, very unstealthy
A: fangs 3, regeneration 2, magic shield, antimagic bite, no device heal 3, rot
immunity
a: Berserk, Trog's Hand, Brothers in Arms, Burn Spellbooks, Renounce Religion


You were on level 7 of the Dungeon.
You worshipped Trog.
Trog was greatly pleased with you.
You were not hungry.

You visited 1 branch of the dungeon, and saw 7 of its levels.

You collected 345 gold pieces.

Inventory:

Hand Weapons
 a - a +0 short sword (weapon)
Missiles
 e - 163 stones (quivered)
 f - 13 poisoned needles
 k - 2 needles of paralysis
Armour
 b - a +0 helmet (worn)
 g - a +1 cloak (worn)
 h - a +0 ring mail (worn)
 m - a cursed +0 pair of boots (worn)
Wands
 v - a wand of lightning (12)
Scrolls
 i - 2 scrolls of remove curse
 l - 2 scrolls of identify
 p - a scroll of recharging
 t - a scroll of teleportation
 u - a scroll of noise {unknown}
Potions
 n - a potion of curing
Books
 r - a Fen Folio

   Spells                             Type                      Level
   a - Corpse Rot                     Necromancy                   2
   b - Stone Arrow                    Conjuration/Earth            3
   c - Leda's Liquefaction            Hexes/Earth                  4
   d - Summon Forest                  Summoning/Translocation      5
   e - Hydra Form                     Transmutation                6
   f - Summon Hydra                   Summoning                    7
   Trog disapproves of the use of such an item.
Comestibles
 c - 3 bread rations
 d - 3 beef jerkies
 j - 2 slices of pizza
 q - a meat ration


   Skills:
 + Level 5.7 Fighting
 * Level 8.0 Short Blades
 + Level 5.1 Throwing
 - Level 1.5 Armour
 + Level 5.2 Dodging


You had 8 spell levels left.
You didn't know any spells.

Dungeon Overview and Level Annotations

Branches:
Dungeon (7/15)             Temple (0/1) D:4

Altars:
Ashenzari
Cheibriados
Gozag
Kikubaaqudgha
Qazlal
Ru
Xom

Shops:
D:6 [

Annotations:
D:5 Eustachio


Innate Abilities, Weirdness & Mutations

You have razor-sharp teeth.
You heal very quickly.
When hurt, damage is shared between your health and your magic reserves.
Your bite disrupts and absorbs the magic of your enemies.
Potions and wands cannot restore your health.
You are immune to rotting.


Message History

You kill the yak!
Trog accepts your kill.
Your Short Blades skill increases to level 8!
Your Throwing skill increases to level 5!
The yak barely misses you. The yak misses you. The yak gores you!
ATTACKING (-1,0)
You hit the yak but do no damage. You bite the yak! You drain its power.
You feel invigorated.
The yak is heavily wounded.
The yak misses you.
ATTACKING (-1,0)
You hit the yak. You bite the yak. You drain its power.
The yak is severely wounded.
The yak gores you! x2
The yak closely misses you.
ATTACKING (-1,0)
You hit the yak. You bite the yak, but do no damage.
The yak is severely wounded.
The yak gores you!
You die...

#...#.. ..(....# #...#..
.(....# #...#..
.(....###+######...#..
#(.........#.##'###..
#..........#......#..
#..(.......#......#..
#..%YY.....'......#..
#..Yf......#......#..
#..........##....##..
##########......#....#...
#....'...'......+....#...
#....#...#......#....#...
#....#...#......#....#...
##########......# ###...
######## ####


You could see 3 yaks.

Table legend:
 A = Turns spent in this place as a percentage of turns spent in the entire game.
 B = Non-inter-level travel turns spent in this place as a percentage of non-inter-level travel turns spent in the entire game.
 C = Inter-level travel turns spent in this place as a percentage of turns spent in this place.
 D = Turns resting spent in this place as a percentage of non-inter-level travel turns spent in this place.
 E = Turns spent auto-exploring this place as a percentage of non-inter-level travel turns spent in this place.
 F = Non-inter-level travel turns spent in this place divided by the number of levels of this place that you've seen.
                   A       B       C       D       E      F
               +-------+-------+-------+-------+-------+----------------------
         Total | 100.0 | 100.0 |   0.4 |   0.8 |   2.5 | 1412.0
       Dungeon | 100.0 | 100.0 |   0.4 |   0.8 |   2.5 | 1412.0
               +-------+-------+-------+-------+-------+----------------------

Table legend:
 A = Kills in this place as a percentage of kills in entire the game.
 B = Kills by you in this place as a percentage of kills by you in the entire game.
 C = Kills by friends in this place as a percentage of kills by friends in the entire game.
 D = Other kills in this place as a percentage of other kills in the entire game.
 E = Experience gained in this place as a percentage of experience gained in the entire game.
 F = Experience gained in this place divided by the number of levels of this place that you have seen.
                   A       B       C       D       E      F
               +-------+-------+-------+-------+-------+----------------------
         Total | 100.0 | 100.0 |  -nan |  -nan | 100.0 | 554.9
       Dungeon | 100.0 | 100.0 |  -nan |  -nan | 100.0 | 554.9
               +-------+-------+-------+-------+-------+----------------------

Vanquished Creatures
  The ghost of jw the Sneak, a novice OpBe of Trog (D:6)
  Grinder (D:6)
  Sigmund (D:5)
  A yak (D:7)
  Edmund (D:6)
  2 centaurs
  2 ice beasts
  5 ogres
  Blork the orc (D:6)
  3 giant frogs
  2 hounds
  2 giant frog skeletons (D:5)
  An orc priest (D:4)
  A crimson imp (D:7)
  Crazy Yiuf (D:3)
  7 orc wizards
  A centaur skeleton (D:5)
  Natasha (twice) (D:3)
  A worker ant (D:5)
  2 hound skeletons (D:4)
  A worker ant zombie (D:6)
  8 adders
  A river rat (D:3)
  2 adder skeletons
  An adder zombie (D:5)
  2 worms
  7 giant geckos
  24 orcs
  6 bats
  3 giant cockroaches
  6 goblins
  7 hobgoblins
  3 jackals (D:1)
  2 quokkas
  2 ball pythons
  7 giant newts
  10 kobolds
  12 rats
142 creatures vanquished.

Notes
Turn   | Place    | Note
--------------------------------------------------------------
     0 | D:1      | gw the Vine Stalker Berserker began the quest for the Orb.
     0 | D:1      | Reached XP level 1. HP: 11/11 MP: 2/2
   132 | D:1      | Reached skill level 3 in Short Blades
   160 | D:1      | Reached XP level 2. HP: 13/16 MP: 3/3
   533 | D:1      | Reached ** piety under Trog
   618 | D:1      | Reached XP level 3. HP: 17/19 MP: 4/4
   896 | D:2      | Reached skill level 1 in Throwing
  1115 | D:2      | Reached XP level 4. HP: 23/23 MP: 5/5
  1661 | D:3      | Found a sacrificial altar of Ru.
  1817 | D:3      | Noticed Natasha
  1825 | D:3      | Killed Natasha
  1825 | D:3      | Reached XP level 5. HP: 10/28 MP: 4/6
  1921 | D:3      | Reached *** piety under Trog
  2075 | D:3      | Noticed Crazy Yiuf
  2085 | D:3      | Killed Crazy Yiuf
  2085 | D:3      | Reached skill level 4 in Short Blades
  2389 | D:3      | Noticed Natasha
  2411 | D:3      | Killed Natasha
  2485 | D:3      | Found a shattered altar of Ashenzari.
  2489 | D:3      | Found an ancient bone altar of Kikubaaqudgha.
  2598 | D:3      | Gained mutation: You heal very quickly. [Vine Stalker growth]
  2598 | D:3      | Reached XP level 6. HP: 30/32 MP: 7/7
  2905 | D:4      | Found a staircase to the Ecumenical Temple.
  3093 | D:4      | Reached **** piety under Trog
  3392 | D:4      | Found a snail-covered altar of Cheibriados.
  3480 | D:5      | Entered Level 5 of the Dungeon
  3503 | D:5      | Reached skill level 5 in Short Blades
  3503 | D:5      | Reached XP level 7. HP: 37/37 MP: 8/8
  3517 | D:5      | Noticed Sigmund
  3543 | D:5      | Killed Sigmund
  3701 | D:5      | Noticed Eustachio
  4093 | D:5      | Found a stormy altar of Qazlal.
  4161 | D:5      | Gained mutation: You have razor-sharp teeth. [Vine Stalker growth]
  4161 | D:5      | Reached XP level 8. HP: 32/42 MP: 9/9
  4901 | D:5      | Found an opulent altar of Gozag.
  4993 | D:6      | Noticed Edmund
  4999 | D:6      | Reached skill level 6 in Short Blades
  5016 | D:6      | Killed Edmund
  5044 | D:6      | Found Abrog's Antique Armour Shoppe.
  5103 | D:6      | Noticed Grinder
  5106 | D:6      | Noticed Blork the orc
  5128 | D:6      | Killed Grinder
  5135 | D:6      | Killed Blork the orc
  5256 | D:6      | Noticed jw's ghost (novice OpBe)
  5283 | D:6      | Killed jw's ghost
  5283 | D:6      | Reached skill level 5 in Fighting
  5283 | D:6      | Reached skill level 7 in Short Blades
  5283 | D:6      | Reached XP level 9. HP: 18/47 MP: 10/10
  5369 | D:6      | Found a shimmering altar of Xom.
  5823 | D:7      | Received a gift from Trog
  5823 | D:7      | Reached skill level 5 in Dodging
  6092 | D:7      | Reached skill level 8 in Short Blades
  6092 | D:7      | Reached skill level 5 in Throwing
  6094 | D:7      | HP: 2/48 [yak (8)]
  6095 | D:7      | Slain by a yak

Action                   |  1- 3 |  4- 6 |  7- 9 || total
-------------------------+-------+-------+-------++-------
Melee: Short sword       |    87 |   251 |   309 ||   647
Throw: Stone             |    52 |    98 |    40 ||   190
       Tomahawk          |       |    15 |    43 ||    58
  Use: Scroll            |     4 |     4 |     2 ||    10
       Potion            |       |     7 |     1 ||     8
  Eat: Chunk             |     1 |     7 |     9 ||    17

Vault maps used:
D:1:      sevenhm_arrival_forest_fort_small_6
D:2:      first_bread
D:3:      hangedman_ru_absence, minitemple, portal_sewer_entry_e, uniq_natasha,
          uniq_crazy_yiuf_cottage
D:4:      kennysheep_mini_moat, minmay_temple_entry_overgrown
D:5:      lemuel_coloured_pillars_altar, kennysheep_little_box,
          kennysheep_generic_room_7, uniq_eustachio, uniq_sigmund
D:6:      nicolae_overflow_crystal_walls, serial_shops, shop_fountains,
          uniq_grinder, uniq_edmund, uniq_blork_the_orc
D:7:      grunt_dithmenos_shadows, basic_altar
